Map: Catalyseur EC

Players

YanSanayi - Winner!

  • Race: Terran Terran
  • League: Diamond
  • Spawn Location: 11:00

HoldTheDoor

  • Race: Protoss Protoss
  • League: Diamond
  • Spawn Location: 5:00

VOD

Have the link to the VOD?

Description

Time

  • Played on: July 14, 2018, 3:11 p.m.
  • Length: 8:44
Show
View Real Time Build Order
Export as new Build Order

YanSanayi Terran - Winner!

Build Orders: MMM Bio 

Get SALT Encoding   

  12  0:03  SCV  
  13  0:15  SCV  
  13  0:20  Supply Depot  
  14  0:28  SCV  
  15  0:41  SCV  
  16  0:44  Barracks  
  16  0:46  Refinery  
  16  0:53  SCV  
  17  1:09  SCV  
  18  1:21  SCV  
  19  1:31  Marine  
  20  1:34  Orbital Command  
  20  1:53  Barracks Tech Lab  
  20  1:57  Command Center  
  20  2:10  Supply Depot  
  20  2:12  Factory  
  20  2:19  Marauder  
  22  2:25  Refinery  
  22  2:31  Concussive Shells  
  22  2:38  SCV  
  22  2:40  Marauder  
  25  2:56  Factory Tech Lab  
  25  3:02  Marauder  
  28  3:05  Engineering Bay, SCV  
  28  3:16  Orbital Command  
  28  3:42  Siege Tank  
  28  3:46  Missile Turret  
  28  3:48  Stimpack  
  31  3:53  Missile Turret  
  31  3:56  Starport  
  31  3:57  SCV  
  32  4:08  SCV  
  32  4:09  SCV  
  34  4:17  Missile Turret  
  34  4:21  Marine  
  34  4:22  SCV x2  
  37  4:34  Medivac  
  37  4:35  Missile Turret  
  39  4:39  Marine  
  39  4:44  Barracks  
  40  4:49  SCV x2, Barracks  
  42  4:57  Missile Turret  
  42  5:08  Siege Tank  
  42  5:09  Marine  
  42  5:12  Starport Reactor  
  46  5:33  Barracks Reactor  
  46  5:41  Terran Infantry Weapons Level 1  
  46  5:45  SCV x2, Marine  
  46  5:54  Marine  
  45  6:06  Supply Depot x2  
  45  6:24  Supply Depot  
  45  6:27  Marine x3, Combat Shields  
  45  6:28  SCV x2, Siege Tank  
  53  6:34  Marine  
  54  6:45  Marine  
  54  6:46  SCV x2, Marauder, Medivac  
  61  6:53  Supply Depot  
  61  6:54  Supply Depot  
  61  6:57  Marine  
  62  7:14  Marine x3  
  62  7:15  Marauder  
  61  7:29  Siege Tank  
  62  7:32  Marine x3  
  62  7:36  Marauder  
  67  7:50  Marine x3, Medivac x2  
  74  7:55  Supply Depot  
  74  7:57  Marine  
  75  8:04  Supply Depot  
  75  8:08  Marine x3  
  77  8:16  Marauder  
  77  8:25  Marine  
  77  8:26  Marine x2  
Show
View Real Time Build Order
Export as new Build Order

HoldTheDoor Protoss 

Build Orders:  

Get SALT Encoding   

  12  0:01  Probe  
  13  0:13  Probe  
  14  0:19  Pylon  
  14  0:25  Probe  
  15  0:37  Probe  
  15  0:39  Gateway  
  16  0:46  Probe  
  16  0:49  Assimilator  
  17  0:54  Probe  
  17  0:59  Assimilator  
  17  1:04  Probe  
  19  1:12  Gateway  
  19  1:16  Probe  
  20  1:28  Probe  
  21  1:39  Cybernetics Core  
  21  1:40  Probe  
  21  1:46  Pylon  
  22  1:52  Probe  
  23  2:04  Probe  
  24  2:09  Warp Gate  
  24  2:17  Probe  
  25  2:23  Pylon, Gateway  
  25  2:24  Stalker  
  25  2:25  Stalker  
  25  2:29  Probe  
  30  2:43  Robotics Facility  
  30  2:54  Stalker  
  30  2:57  Stalker  
  34  3:04  Probe  
  35  3:10  Gateway  
  35  3:17  Stalker  
  37  3:25  Pylon  
  37  3:29  Immortal  
  39  3:59  Pylon  
  39  4:02  Immortal, Pylon  
  43  4:15  Sentry  
  45  4:17  Stalker  
  45  4:19  Stalker  
  49  4:28  Stalker  
  51  4:51  Stalker x3  
  57  4:58  Observer  
  58  5:22  Stalker x2  
  62  5:30  Pylon  
  62  5:31  Pylon  
  62  5:32  Pylon  
  62  5:34  Pylon  
  62  5:56  Immortal  
  58  6:09  Stalker x3  
  68  6:13  Pylon  
  68  6:16  Pylon  
  68  6:32  Shield Battery x2  
  68  6:35  Shield Battery  
  68  6:42  Immortal  
  72  6:57  Stargate  
  61  7:31  Stalker x2  
  61  7:32  Stalker  
  61  7:33  Stalker  
  69  7:42  Void Ray  
  53  8:41  Zealot x4  
Tags
 
Composition
MMM Bio
Matchup
PvT
Spawn Locations
Cross Positions
Add a new tag
Caveats
  • Supply blocks, unpowered buildings, or Contaminate may cause inaccurate times.
  • Supply counts are checked every 10 seconds.